 Dungeon Crawl Stone Soup version 0.30.1-3-gfc49f6343a (webtiles) character file.

Game seed: 11767163263928674829

479 Gorgoleon the Reanimator (level 7, -3/46 HPs)
             Began as a Human Necromancer on Aug 8, 2023.
             Slain by a hornet (11 damage)
             ... on level 5 of the Dungeon.
             The game lasted 00:20:34 (4656 turns).

Gorgoleon the Reanimator (Human Necromancer)        Turns: 4656, Time: 00:20:34

Health: -3/46      AC:  3    Str: 14    XL:     7   Next: 33%
Magic:  5/10       EV: 12    Int: 18    God:
Gold:   198        SH:  0    Dex: 13    Spells: 2/10 levels left

rFire   . . .        e - staff of death
rCold   . . .        (no shield)
rNeg    + . .        a - +0 robe
rPois   .            o - +0 hat
rElec   .            (no cloak)
rCorr   .            (no gloves)
SInv    .            q - +0 pair of boots
Will    .....        d - amulet of magic regeneration
Stlth   ++           p - +6 ring of strength
HPRegen 0.27/turn    (no ring)
MPRegen 0.52/turn

%: no passive effects
@: slowed, very slow
A: no striking features
a: no special abilities


You were on level 5 of the Dungeon.
You visited 1 branch of the dungeon, and saw 5 of its levels.

You collected 198 gold pieces.

Inventory:

Hand Weapons
 x - a +1 dagger of venom
Missiles
 h - 10 poisoned darts
 w - 4 curare-tipped darts
Armour
 a - a +0 robe (worn)
 c - a +1 leather armour
 o - a +0 hat (worn)
 q - a +0 pair of boots (worn)
Magical Staves
 e - a staff of death (weapon)
Jewellery
 d - an amulet of magic regeneration (around neck)
 j - a ring of ice
 p - a +6 ring of strength (left hand)
 s - a ring of protection from fire
Wands
 f - a wand of flame (5)
Scrolls
 l - 2 scrolls of identify
 t - 2 scrolls of amnesia
Potions
 b - a potion of magic
 g - a potion of heal wounds
 i - a potion of attraction
 k - a potion of cancellation
 m - a potion of brilliance
 n - a potion of curing
 v - a potion of invisibility
 z - a potion of mutation


   Skills:
 - Level 2.0 Dodging
 - Level 2.0 Stealth
 - Level 2.0 Spellcasting
 + Level 8.3 Necromancy


You had 2 spell levels left.
You knew the following spells:

 Your Spells              Type           Power      Damage    Failure   Level
a - Necrotise             Necr           100%       1d9       1%          1
b - Vampiric Draining     Necr           47%        2d9       1%          3
c - Animate Dead          Necr           47%        N/A       6%          4

Your spell library contained the following spells:

 Spells                   Type           Power      Damage    Failure   Level
 Sublimation of Blood     Necr           47%        N/A       1%          2
 Poisonous Vapours        Pois/Air       2%         N/A       26%         2
 Wereblood                Tmut           1%         N/A       26%         2
 Agony                    Necr           47%        N/A       16%         5
 Mephitic Cloud           Conj/Pois/Air  1%         N/A       47%         3
 Ozocubu's Armour         Ice            1%         N/A       47%         3
 Stone Arrow              Conj/Erth      2%         3d7       47%         3
 Animate Armour           Summ/Erth      2%         N/A       87%         4
 Freezing Cloud           Conj/Ice/Air   0%         6-21      99%         5
 Metabolic Englaciation   Hex/Ice        0%         N/A       99%         5
 Simulacrum               Ice/Necr       12%        N/A       99%         6
 Summon Hydra             Summ           0%         N/A       100%        7
 Lehudib's Crystal Spear  Conj/Erth      0%         10d2      100%        8


Dungeon Overview and Level Annotations

Branches:
Dungeon (5/15)
 Temple: D:4-7

Altars:
Elyvilon
Nemelex Xobeh
Qazlal

Shops:
D:4 =**

Annotations:
D:3 1 runed translucent door, Crazy Yiuf


Message History

Aim: a hornet (lightly wounded, chance to affect: 77%)
You feel a surge of power!
The hornet writhes in agony.
The hornet closely misses you.
Aiming: Necrotise (safe; 1% risk of failure)
Press: ? - help, Q - select action, (/) - cycle Shift-Dir - straight line, f/p - hornet
Aim: a hornet (moderately wounded, chance to affect: 77%)
You feel a surge of power!
The hornet barely resists.
The hornet closely misses you. The hornet stings you.
You feel yourself slow down.
Aiming: Necrotise (safe; 1% risk of failure)
Press: ? - help, Q - select action, (/) - cycle Shift-Dir - straight line, f/p - hornet
Aim: a hornet (moderately wounded, chance to affect: 77%)
You feel a surge of power!
The hornet writhes in agony.
You feel yourself speed up. The hornet stings you!
You suddenly lose the ability to move!
The hornet stings you.
You feel yourself slow down.
The hornet stings you but does no damage.
You feel yourself speed up. The hornet stings you!
You feel yourself slow down. The hornet stings you!
* * * LOW HITPOINT WARNING * * *
You feel as though you will be slow longer.
You can move again.
Casting: Necrotise (safe; 1% risk of failure)
Confirm with . or Enter, or press ? or * to list all spells.
Aiming: Vampiric Draining (safe; 1% risk of failure)
Press: ? - help, Shift-Dir - straight line, f/p - hornet
Aim: a hornet (moderately wounded)
You feel a surge of power!
You draw life force from the hornet.
You feel life coursing into your body. The hornet stings you.
* * * LOW HITPOINT WARNING * * *
You feel as though you will be slow longer.
The hornet barely misses you.
Casting: Vampiric Draining (safe; 1% risk of failure)
Confirm with . or Enter, or press ? or * to list all spells.
Aiming: Vampiric Draining (safe; 1% risk of failure)
Press: ? - help, Shift-Dir - straight line, f/p - hornet
Aim: a hornet (moderately wounded)
You feel a surge of power!
You draw life force from the hornet!
You feel life coursing into your body. The hornet stings you!
You die...

....... ##.#
....... ...#
....... ..+
...)... ..#
....... # ###.#
....... #.
...###$......
#.#+###'#.y.......
#........@#.......
#.........########
#.......[.#
#.........#
#......<..####
#..............
#.........#####
#..(......#
###########


You could see a hornet.

Vanquished Creatures
  A water moccasin (D:4)
  2 hounds
  Jessica (D:2)
  Terence (D:2)
  An iguana (D:4)
  An orc wizard (D:3)
  Natasha (thrice) (D:3)
  5 adders
  An ufetubus (D:4)
  11 orcs
  4 ball pythons
  7 bats
  5 endoplasms
  6 giant cockroaches
  4 hobgoblins
  A jackal (D:4)
  9 kobolds
  4 quokkas
  2 frilled lizards (D:1)
  7 goblins
  2 rats
78 creatures vanquished.

Vanquished Creatures (collateral kills)
  A white imp (D:4)
  A giant cockroach (D:4)
  A jackal (D:4)
3 creatures vanquished.

Grand Total: 81 creatures vanquished

Notes
Turn   | Place    | Note
-------+----------+-------------------------------------------
     0 | D:1      | Gorgoleon the Human Necromancer began the quest for the
                  | Orb.
     0 | D:1      | Reached XP level 1. HP: 13/13 MP: 3/3
   316 | D:1      | Reached XP level 2. HP: 18/19 MP: 5/5
   709 | D:1      | Reached XP level 3. HP: 24/24 MP: 6/6
  1124 | D:1      | Reached skill level 5 in Necromancy
  1172 | D:2      | Learned a level 3 spell: Vampiric Draining
  1379 | D:2      | Noticed Jessica
  1386 | D:2      | Killed Jessica
  1387 | D:2      | Reached XP level 4. HP: 30/30 MP: 5/7
  1483 | D:2      | Found a faded altar of an unknown god.
  1839 | D:2      | Noticed Terence
  1848 | D:2      | Killed Terence
  1849 | D:2      | Reached skill level 6 in Necromancy
  1849 | D:2      | Reached XP level 5. HP: 21/35 MP: 2/8
  1855 | D:2      | Learned a level 4 spell: Animate Dead
  2343 | D:3      | Noticed Natasha
  2354 | D:3      | Killed Natasha
  2743 | D:3      | Noticed Natasha
  2754 | D:3      | Killed Natasha
  3028 | D:3      | Reached XP level 6. HP: 36/41 MP: 3/9
  3109 | D:3      | Found a runed translucent door.
  3110 | D:3      | Noticed Crazy Yiuf
  3243 | D:3      | Noticed Natasha
  3248 | D:3      | Killed Natasha
  3249 | D:3      | Reached skill level 7 in Necromancy
  3476 | D:4      | Found Ratif's General Store.
  3476 | D:4      | Found Neobotie's Assorted Antiques.
  3476 | D:4      | Found Roes's Jewellery Boutique.
  3534 | D:4      | Found a sparkling altar of Nemelex Xobeh.
  3548 | D:4      | Noticed a water moccasin
  3566 | D:4      | Killed a water moccasin
  3734 | D:4      | Identified a scroll of acquirement
  3734 | D:4      | Acquired a staff of death
  3851 | D:4      | Reached XP level 7. HP: 46/46 MP: 8/10
  4196 | D:4      | Found a stormy altar of Qazlal.
  4271 | D:4      | Found a white marble altar of Elyvilon.
  4459 | D:5      | Entered Level 5 of the Dungeon
  4470 | D:4      | Reached skill level 8 in Necromancy
  4642 | D:5      | Noticed a hornet
  4652 | D:5      | Paralysed by a hornet for 3 turns
  4656 | D:5      | Slain by a hornet

Illustrated notes

Levels and vault maps discovered:
D:1:      noname_arrival_rooms_in_the_neighbourhood, layout_loops_ring,
          nicolae_hexahallways
D:2:      layout_basic, hellmonk_ecumenical_altar_crossroads, uniq_jessica,
          uniq_terence
D:3:      layout_basic, minmay_goblin_kobold_house, uniq_natasha,
          uniq_crazy_yiuf_cottage
D:4:      layout_gridville, mainiacjoe_overflow_small_starburst,
          mainiacjoe_overflow_surrounded_room, elyvilon_altar_3,
          nicolae_shop_distant_corner_stores
D:5:      layout_rooms, nicolae_yredelemnul_corpse_copse,
          mainiacjoe_overflow_six_doors_small

Skill      XL: |  1  2  3  4  5  6  7 |
---------------+----------------------+-----
Necromancy     | 5 6 7 8 |  8.3
Dodging        | |  2.0
Stealth        | |  2.0
Spellcasting   | |  2.0

Action                     |  1- 3 |  4- 6 |  7- 9 || total
---------------------------+-------+-------+-------++-------
  Melee: Unarmed           |    34 |       |       ||    34
         Dagger            |    15 |     6 |       ||    21
         Short sword       |    37 |    21 |       ||    58
         Staff             |       |     8 |    25 ||    33
         Punch             |       |       |     1 ||     1
  Throw: Dart              |     5 |    10 |     1 ||    16
   Cast: Necrotise         |    30 |    61 |    35 ||   126
         Vampiric Draining |       |       |     2 ||     2
    Use: Potion            |       |     1 |       ||     1
         Scroll            |       |    13 |     3 ||    16
   Stab: Sleeping          |     3 |       |       ||     3
 Armour: Robe              |    29 |    17 |    16 ||    62
  Dodge: Dodged            |    66 |    23 |    56 ||   145
